 Dungeon Crawl Stone Soup version 0.27.0-1-g7a089689b8 (webtiles) character file.

Game seed: 1165475390927806947

24 SnakkuSnakku7 the Sneak (level 2, 0/20 HPs)
             Began as a Vampire Hedge Wizard on Aug 13, 2021.
             Succumbed to an adder's poison
             ... on level 2 of the Dungeon.
             The game lasted 00:02:06 (1368 turns).

SnakkuSnakku7 the Sneak (Vampire Hedge Wizard)      Turns: 1368, Time: 00:02:07

Health: 0/20       AC:  3    Str:  9    XL:     2   Next: 79%
Magic:  4/6        EV: 12    Int: 16    God:
Gold:   80         SH:  0    Dex: 13    Spells: 6/7 levels left

rFire    . . .     SeeInvis +   a - +0 trident
rCold    . . .     Faith    .   (no shield)
rNeg     . . .     Spirit   .   b - +0 robe
rPois    .         Reflect  .   c - +0 hat
rElec    .         Harm     .   (no cloak)
rCorr    .         Rampage  .   h - +0 pair of gloves
Will     .....                  (no boots)
Stlth    ++........             (no amulet)
HPRegen  0.26/turn              (no ring)
MPRegen  0.10/turn              (no ring)

@: brilliant, lethally poisoned (0 -> -1), healing quickly
A: alive, fangs 3, see invisible, vampiric 1
a: Exsanguinate


You were on level 2 of the Dungeon.
You visited 1 branch of the dungeon, and saw 2 of its levels.

You collected 80 gold pieces.

Inventory:

Hand Weapons
 a - a +0 trident (weapon)
 d - a +0 dagger
 i - a +0 spear
Armour
 b - a +0 robe (worn)
 c - a +0 hat (worn)
 h - a +0 pair of gloves (worn)
Scrolls
 f - a scroll of enchant weapon {unknown}
 g - a scroll of fog {unknown}
Potions
 j - a potion of curing {unknown}
 k - a potion of haste {unknown}


   Skills:
 - Level 0.5 Fighting
 + Level 2.1 Polearms
 - Level 2.1 Dodging
 - Level 3.0 Stealth
 - Level 3.0 Spellcasting
 - Level 0.6 Conjurations
 - Level 1.0 Summonings
 - Level 0.7 Translocations


You had 6 spell levels left.
You knew the following spells:

 Your Spells              Type           Power      Damage    Failure   Level
a - Magic Dart            Conj           24%        1d4       14%         1

Your spell library contained the following spells:

 Spells                   Type           Power      Damage    Failure   Level
 Call Imp                 Summ           8%         N/A       19%         2
 Blink                    Tloc           N/A        N/A       22%         2
 Slow                     Hex            3%         N/A       28%         2
 Conjure Flame            Conj/Fire      5%         6-21      45%         3
 Mephitic Cloud           Conj/Pois/Air  4%         N/A       45%         3
 Ignite Poison            Fire/Tmut/Pois 3%         N/A       50%         3
 Sticky Flame             Conj/Fire      5%         2d3       86%         4


Dungeon Overview and Level Annotations

Branches:
Dungeon (2/15)

Altars:

Annotations:
D:2 1 runed translucent door, exclusion: adder, Crazy Yiuf, Sigmund


Innate Abilities, Weirdness & Mutations

Your natural rate of healing is accelerated.
You have razor-sharp teeth.
You have supernaturally acute eyesight. (SInv)
You are afflicted with vampirism.


Message History

You hit the adder.
The adder is moderately wounded.
The adder bites you.
You miss the adder. You bite the adder, but do no damage.
The adder is moderately wounded.
The adder bites you.
You closely miss the adder. Your bite misses the adder.
The adder is moderately wounded.
The adder bites you. x2
You are poisoned.
The adder poisons you!
You barely miss the adder. Your bite misses the adder.
The adder is moderately wounded.
You feel sick. The adder bites you.
You are too injured to fight recklessly!
You are too injured to fight recklessly!
You are too injured to fight recklessly!
Casting: Magic Dart (safe; 14% risk of failure)
Confirm with . or Enter, or press ? or * to list all spells.
Aiming: Magic Dart (safe; 14% risk of failure)
Press: ? - help, Shift-Dir - straight line, f/p - adder
Aim: an adder (moderately wounded, 100% to hit)
The magic dart hits the adder.
The adder is moderately wounded.
You feel sick. The adder bites you.
* * * LOW HITPOINT WARNING * * *
The adder bites you.
* * * LOW HITPOINT WARNING * * *
Casting: Magic Dart (safe; 14% risk of failure)
Confirm with . or Enter, or press ? or * to list all spells.
Aiming: Magic Dart (safe; 14% risk of failure)
Press: ? - help, Shift-Dir - straight line, f/p - adder
Aim: an adder (moderately wounded, 100% to hit)
The magic dart hits the adder but does no damage.
The adder is moderately wounded.
* * * LOW HITPOINT WARNING * * *
You feel sick. The adder misses you.
It was a potion of brilliance.
You feel clever all of a sudden.
You die...

#.................. #.≈.
#..#####....#+#### #.≈.
.........##....# #...
..########....# ##'#
#....# #.. ######....#
##. #.........########.
...###.#####.........##.
........@S..#.........###
....###.###.#.........#
.. #.#(#.#.........#
#.#....#'########
#.#.####.# #.# #.# #.#
#.# #. ##.#### #.....#


You could see an adder.

Vanquished Creatures
  An adder (D:2)
  2 bats
  3 endoplasms
  A hobgoblin (D:1)
  2 quokkas
  2 goblins (D:1)
  2 kobolds (D:2)
  A rat (D:1)
14 creatures vanquished.

Notes
Turn   | Place    | Note
-------+----------+-------------------------------------------
     0 | D:1      | SnakkuSnakku7 the Vampire Hedge Wizard began the quest for
                  | the Orb.
     0 | D:1      | Reached XP level 1. HP: 13/13 MP: 4/4
   286 | D:1      | Reached skill level 1 in Polearms
   330 | D:1      | Reached XP level 2. HP: 20/20 MP: 6/6
   389 | D:1      | Found a faded altar of an unknown god.
   687 | D:2      | Found a runed translucent door.
   688 | D:2      | Noticed Crazy Yiuf
   928 | D:2      | Noticed Sigmund
  1367 | D:2      | HP: 1/20 [poisoned by an adder]
  1368 | D:2      | Succumbed to an adder's poison

Illustrated notes

Levels and vault maps discovered:
D:1:      dpeg_arrival_more_subterranean_lakeside_camping, layout_rooms,
          shapermc_ecumenical_altar_flowoftime, minmay_tetromino_s4
D:2:      layout_basic, dk_vineyard_2, uniq_sigmund, uniq_crazy_yiuf_cottage

Skill      XL: |  1  2 |
---------------+-------+-----
Polearms       | 1 2 |  2.1
Fighting       | |  0.5
Dodging        | |  2.1
Stealth        | |  3.0
Spellcasting   | |  3.0
Conjurations   | |  0.6
Summonings     | |  1.0
Translocations | |  0.7

Action                   || total
-------------------------++-------
Melee: Spear             ||    57
       Bite              ||     7
       Dagger            ||     3
       Trident           ||    24
 Cast: Magic Dart        ||     2
  Use: Potion            ||     1
 Stab: Sleeping          ||     3
Armor: Robe              ||    16
Dodge: Dodged            ||    51
